[Event "Festa da Uva quad"]
[Site "Caxias do Sul"]
[Date "2016.02.??"]
[Round "3"]
[White "Mekhitarian, Krikor Sevag"]
[Black "Topalov, Veselin"]
[Result "0-1"]
[ECO "B80"]
[WhiteElo "2559"]
[BlackElo "2760"]
[PlyCount "76"]
[EventDate "2016.02.11"]
[EventType "tourn (rapid)"]
[EventRounds "6"]
[EventCountry "BRA"]
[SourceTitle "EXT 2018"]
[Source "ChessBase"]
[SourceDate "2017.10.13"]
[SourceVersion "1"]
[SourceVersionDate "2017.10.13"]
[SourceQuality "1"]
[TimeControl "40/5400+30:1800+30"]

1. e4 c5 2. Nf3 d6 3. d4 cxd4 4. Nxd4 Nf6 5. Nc3 a6 6. Be3 e6 7. f3 b5 8. a3 {
Les alternatives Qd2 et g4 semblent un peu meilleures} (8. Qd2 Nbd7 9. g4 h6
10. O-O-O b4 11. Nce2 Qc7 12. h4 d5 13. Bf4 e5 14. Bh2 dxe4 15. g5 hxg5 16.
hxg5 Rxh2 17. Rxh2 exd4 18. Rh4 Ng4 19. Rxg4 Nc5 20. Rh4 d3 21. Nd4 Bb7 22. Rh8
O-O-O 23. g6 fxg6 24. fxe4 Bxe4 25. Nb3 Nxb3+ 26. axb3 Be7 27. Bxd3 Rxh8 28.
Bxe4 Rd8 29. Qe3 Rxd1+ 30. Kxd1 Qc5 31. Qxc5+ Bxc5 {1/2-1/2 (33) Leko,P (2707)
-Giri,A (2798) Baku 2015}) (8. g4 h6) 8... h5 $5 {La nouveauté a-t-elle été
trouvée devant l'échiquier à l'inspiration?} 9. Qd2 Nbd7 10. O-O-O {[%csl
Ra3] Il est difficile de jouer l'attaqua anglaise sans le ooo mais la poussée
a3 est assez affaiblissante} Bb7 11. Kb1 Rc8 $132 12. h3 $6 $146 (12. h4 Be7
13. Rh3 O-O 14. Rg3 Kh7 15. Bg5 Re8 16. Bd3 Kh8 17. Bh6 Bf8 18. Be3 Kg8 19. Nb3
Qc7 20. Bh6 Kh8 21. Be3 Be7 22. Bf4 Red8 23. Nd4 Bf8 24. Nde2 Ne5 25. Bg5 d5
26. exd5 Bxd5 27. Bf4 Bc4 28. Qe3 Bd6 29. Rg5 Nxd3 30. cxd3 Bb3 31. Rc1 Kg8 32.
Bxd6 Qxd6 33. Nf4 Re8 34. Qe5 Qxe5 35. Rxe5 g6 36. Nce2 Kg7 37. Rxc8 Rxc8 38.
Nd4 Bd5 39. b4 Bb7 40. Nb3 Nd5 41. Nxd5 Bxd5 {Larsen,S (2498)-Ljubicic,L (2649)
ICCF email 2011 0-1 (68)}) 12... h4 $1 {[%csl Rg2,Rg3] Sans la possibilité de
jouer g4, les Blancs sont privés de contre-jeu et la partie a basculé} 13.
Bd3 Ne5 14. Rhe1 Be7 $17 15. Bg5 Nc4 16. Bxc4 Rxc4 17. Nb3 Rh5 18. Bxf6 gxf6
19. Qe3 Qc7 20. Rd3 a5 21. Qd2 b4 22. axb4 Rxb4 23. Na2 Rb6 24. Rd1 a4 25. Nd4
Ba6 26. Ra3 Qb7 27. c3 d5 28. Rxa4 dxe4 29. fxe4 Qxe4+ 30. Qc2 Bb7 31. Rd2
Qxc2+ 32. Kxc2 f5 33. Nf3 Be4+ 34. Kd1 Bg5 35. Re2 Rd6+ 36. Ke1 Bf4 37. Nd4
Bg3+ 38. Kf1 e5 0-1

[Event "Festa da Uva quad"]
[Site "Caxias do Sul"]
[Date "2016.02.??"]
[Round "6"]
[White "Topalov, Veselin"]
[Black "Mekhitarian, Krikor Sevag"]
[Result "1-0"]
[ECO "D38"]
[WhiteElo "2760"]
[BlackElo "2559"]
[PlyCount "67"]
[EventDate "2016.02.11"]
[EventType "tourn (rapid)"]
[EventRounds "6"]
[EventCountry "BRA"]
[SourceTitle "EXT 2018"]
[Source "ChessBase"]
[SourceDate "2017.10.13"]
[SourceVersion "1"]
[SourceVersionDate "2017.10.13"]
[SourceQuality "1"]
[TimeControl "40/5400+30:1800+30"]

1. d4 Nf6 2. c4 e6 3. Nf3 d5 4. Nc3 Bb4 5. Bg5 h6 6. Bxf6 Qxf6 7. Qa4+ Nc6 8.
e3 O-O 9. cxd5 exd5 10. Be2 Be6 11. a3 (11. O-O a6 12. Rfc1 Bd6 13. Qd1 Ne7 14.
a3 Rfd8 15. b4 Nc8 16. Na4 b6 17. Nb2 Ne7 18. Nd3 Ng6 19. a4 a5 20. b5 Re8 21.
Rc3 Bf5 22. Rac1 Rad8 23. Nd2 Rd7 24. g3 Nf8 25. Bg4 Nh7 26. Bxf5 Qxf5 27. Qf3
Qg5 28. h4 Qe7 29. Rc6 Nf6 30. Nf4 g6 31. h5 Kg7 32. hxg6 fxg6 33. Nxd5 Nxd5
34. Qxd5 Bxg3 35. Qg2 Bd6 36. Nc4 Rf8 37. Ne5 Bxe5 38. Qxg6+ Kh8 39. Qxh6+ Kg8
40. dxe5 Qxe5 {Carlsen,M (2862)-Aronian,L (2797) Wijk aan Zee 2015 1-0}) 11...
Bd6 12. Nb5 Bg4 13. Rc1 a6 14. Nxd6 Qxd6 15. Qc2 Rac8 16. Ng5 hxg5 17. Bxg4
Rce8 18. O-O g6 19. Qc5 Rd8 20. Qxd6 $146 (20. Be2 Rfe8 21. Rfd1 Re6 22. b4 Rd7
23. b5 Ne7 24. bxa6 bxa6 25. a4 Nf5 26. a5 Qe7 27. Qxe7 Rdxe7 28. Rc5 Rd7 29.
Bd3 Ng7 30. Rb1 f5 31. Rb7 Ne8 32. g4 f4 33. exf4 gxf4 34. Kg2 Rdd6 35. h4 Rf6
36. Kf3 Rf7 37. Rb8 Rf8 38. Ra8 Ng7 39. Rxa6 Ne6 40. Rxd6 Nxd4+ 41. Kg2 cxd6
42. Rxd5 f3+ 43. Kh2 Rf4 44. Rxd6 {1-0 (44) Chatalbashev,B (2581)-Sedlak,N 
(2605) Rijeka 2007}) 20... Rxd6 21. Rc5 Re8 22. Bf3 Red8 23. Rfc1 Kf8 24. Be2
Ra8 25. b4 $16 {[%csl Rc6,Rc7] Transposant dans une structure de variante
d'échange du gambit dame ou le Nc6 est trés mal placé} Ke7 26. h3 Ke6 27.
Bd1 $1 (27. Bf3 $5) 27... Kd7 $6 28. Bb3 Rc8 29. Bxd5 {Après
le gain du P, l'avantage est facile à convertir} Nd8 30. Bb3 f6 31. Ba4+ c6
32. d5 b5 33. Bb3 Rb8 34. g4 1-0

[Event "Festa da Uva playoff1"]
[Site "Caxias do Sul"]
[Date "2016.02.12"]
[Round "2"]
[White "Mekhitarian, Krikor Sevag"]
[Black "Topalov, Veselin"]
[Result "0-1"]
[ECO "A46"]
[WhiteElo "2559"]
[BlackElo "2760"]
[PlyCount "68"]
[EventDate "2016.02.12"]
[EventType "match"]
[EventRounds "2"]
[EventCountry "BRA"]
[SourceTitle "EXT 2018"]
[Source "ChessBase"]
[SourceDate "2017.10.13"]
[SourceVersion "1"]
[SourceVersionDate "2017.10.13"]
[SourceQuality "1"]
[TimeControl "900+5"]

1. d4 Nf6 2. Nf3 e6 3. g3 b5 $1 {La ligne critique} 4. Bg2 d5 5. O-O a5 $5 (
5... Bb7 6. Bg5 Nbd7 7. e4 dxe4 8. Nfd2 h6 9. Bxf6 Nxf6 10. Qe2 a6 11. Nxe4
Bxe4 12. Bxe4 Nxe4 13. Qxe4 Qd5 14. Qe3 Rd8 15. Rd1 Be7 16. Nc3 Qf5 17. Rd3 O-O
18. Rad1 Rd7 19. Ne4 Rfd8 20. a3 c6 21. f4 a5 22. c3 Qd5 23. R3d2 Qc4 24. Nf2
c5 25. Ne4 cxd4 26. cxd4 b4 27. axb4 axb4 28. Rd3 Qd5 29. Nd2 Bf6 30. Nb3 Rc7
31. Qf3 Qb5 32. R1d2 Rdc8 33. Kg2 Rc2 34. Rxc2 Rxc2+ 35. Rd2 {Aronian,L (2784)
-Dominguez Perez,L (2732) Skopje 2015 1/2-1/2 (62)}) 6. Bf4 $146 (6. Nbd2 Be7
7. Ne5 Ra7 8. e4 Bb7 9. Qe2 b4 10. a3 bxa3 11. b3 O-O 12. Rd1 c5 13. dxc5 Bxc5
14. exd5 exd5 15. Nd3 Re8 16. Qf1 Ba6 17. c4 Bd4 18. Rxa3 dxc4 19. Nxc4 Rae7
20. Bd2 Ng4 21. Bf3 Ne5 22. Ndxe5 Rxe5 23. Bc3 Bxc3 24. Rxd8 Rxd8 25. Qh3 Re1+
26. Kg2 Nd7 27. Qh4 Rb8 28. Qf4 Ne5 29. Bd5 Rb6 30. Ne3 Rf6 31. Qa4 g6 32. Ra2
Bd3 33. Qe8+ Kg7 34. h3 h5 35. Qa8 g5 {Jirka,J (2429)-Soukup,J (2356) Czechia
2014 1/2-1/2}) 6... Be7 7. Nbd2 Nbd7 8. a4 b4 9. c3 $6 {Il est difficile
d'obtenir du contre-jeu sans réagir au centre mais ce coup est trop
affaiblissant} (9. Re1 $142 Bb7 10. Ne5 {[%cal Ge2e4] Avec une
position plus saine mais les Noirs ont égalisé}) 9... bxc3 $132 10. bxc3 O-O
11. Ne5 Nxe5 12. Bxe5 Ba6 13. Re1 Nd7 14. Bf4 Bd6 $5 15. Nb3 Bc4 16. Nd2 (16.
Bxd6 cxd6 17. Nd2 Ba6 ) 16... Ba6 17. Nb3 Bxf4 18. gxf4 Bc4 19. Nd2
Nb6 $15 20. Nxc4 Nxc4 21. e3 Rb8 22. Bf1 Qf6 23. Bxc4 dxc4
24. Qe2 Rb3 25. Qxc4 Qg6+ 26. Kh1 Qe4+ 27. Kg1 Rfb8 28. Qxc7 Qg6+ 29. Kh1 Qe4+
30. Kg1 Rb2 31. Rf1 Qf3 32. Ra2 Qg4+ 33. Kh1 Qh3 34. Qc4 Rxa2 0-1